AoeStats
← ckolvik

Highland

504055745Analyzed
4v4 RM · 29d ago on Sep 3, 2026· 48m 54s· 8 players
Game mode
Random Map
Map size
Large (8 player)
Population
200
Speed
Normal
Resources
Standard
Victory
Conquest
Starting age
Dark Age
Ending age
Imperial Age
RankedLock teamsTeams togetherTeam positionsShared explorationLock speedFull tech treeHidden civsTurbo modeCheats
Victory
Defeat
🇲🇽 Portuguese · Mexico
1085
+13
🇹🇼 Spanish · Taiwan
1084
+13
🇨🇳 Mongols · China
1074
+14
🇨🇳 Slavs · China
1056
+15
🇵🇪 Spanish · Peru
1049
-15
🇵🇪 Byzantines · Peru
1041
-14
🇳🇴 Tatars · Norway
1013
-13
🇲🇽 Gurjaras · Mexico
1001
-13
NordicPain
2:36 Loom
10:50 Feudal Age
18:06 Castle Age
15:54 Town Watch
16:37 Double-Bit Axe
25:10 Bow Saw
24:53 Light Cavalry
27:58 Horse Collar
32:14 Bloodlines
31:46 Elite Skirmisher
34:15 Padded Archer Armor
34:05 Fletching
35:54 Leather Archer Armor
35:35 Bodkin Arrow
37:29 Sanctity
37:37 Thumb Ring
39:38 Heavy Plow
40:37 Ballistics
42:33 Fervor
43:34 Wheelbarrow
Atila
0:27 Loom
12:01 Feudal Age
12:56 Double-Bit Axe
12:56 Horse Collar
20:26 Castle Age
19:49 Arson
20:00 Fletching
20:12 Stone Mining
20:16 Gold Mining
21:21 Wheelbarrow
21:52 Bodkin Arrow
22:15 Bow Saw
22:53 Heavy Plow
26:53 Imperial Age
24:45 Fishing Lines
24:55 Pikeman
25:36 Squires
26:22 Elite Skirmisher
28:02 Conscription
29:34 Fortified Wall
33:09 Greek Fire
33:33 Bracer
34:52 Forging
34:43 Scale Mail Armor
35:05 Hand Cart
35:23 Medium Warships
35:04 Gillnets
36:41 Two-Man Saw
36:14 Crop Rotation
38:34 Heavy Warships
38:17 Gambesons
37:53 Man-at-Arms
39:03 Ballistics
39:02 Chain Mail Armor
39:22 Iron Casting
40:27 Halberdier
45:16 Murder Holes
46:22 Chemistry
46:00 Iron Casting
45:56 Plate Mail Armor
ckolvik
2:06 Loom
12:16 Feudal Age
18:15 Castle Age
17:39 Wheelbarrow
17:07 Double-Bit Axe
23:04 Fletching
25:18 Treadmill Crane
26:52 Horse Collar
27:06 Gold Mining
27:07 Stone Mining
29:46 Bodkin Arrow
30:40 Padded Archer Armor
30:30 Elite Skirmisher
31:49 Hand Cart
33:05 Leather Archer Armor
32:56 Scale Barding Armor
34:26 Ballistics
34:03 Murder Holes
36:39 Squires
39:19 Imperial Age
36:39 Man-at-Arms
39:28 Long Swordsman
DSLG | Shamer
12:34 Feudal Age
10:53 Loom
14:21 Wheelbarrow
17:41 Castle Age
22:28 Double-Bit Axe
27:50 Bow Saw
30:11 Fortified Wall
31:44 Elite Skirmisher
32:30 Thumb Ring
33:30 Padded Archer Armor
39:24 Imperial Age
39:13 Ballistics
38:58 Horse Collar
39:41 Masonry
39:27 Murder Holes
41:11 Chemistry
41:42 Leather Archer Armor
41:58 Husbandry
42:09 Bloodlines
Quimimoshly06
3:13 Loom
13:39 Feudal Age
18:04 Castle Age
15:50 Town Watch
16:58 Horse Collar
28:48 Medium Warships
34:09 Double-Bit Axe
40:01 Imperial Age
38:07 Wheelbarrow
38:38 Treadmill Crane
38:55 Murder Holes
39:14 Fortified Wall
39:29 Bow Saw
39:38 Siphons
39:41 Heavy Plow
39:35 Fletching
39:45 Padded Archer Armor
40:01 Forging
39:52 Scale Mail Armor
41:00 Hand Cart
41:20 Heavy Warships
43:02 Chemistry
42:23 Ballistics
45:31 Gold Mining
45:32 Stone Mining
46:28 Iron Casting
45:48 Bodkin Arrow
46:09 Leather Archer Armor
46:02 Siege Engineers
46:37 Fishing Lines
47:51 Stone Shaft Mining
48:19 Two-Man Saw
47:38 Masonry
47:40 Clinker Construction
47:40 Careening
48:04 Conscription
47:49 Arquebus
49:55 Architecture
小麻雀杀啊
4:17 Loom
11:19 Feudal Age
13:57 Double-Bit Axe
16:49 Castle Age
17:13 Gold Mining
22:06 Stone Mining
24:51 Fletching
27:25 Ballistics
28:38 Bodkin Arrow
33:05 Wheelbarrow
32:43 Bow Saw
32:15 Horse Collar
36:53 Imperial Age
34:14 Town Watch
34:34 Heavy Plow
35:27 Masonry
35:41 Hand Cart
36:12 Padded Archer Armor
37:08 Elite Mangudai
38:34 Bracer
39:36 Chemistry
39:51 Gold Shaft Mining
40:16 Conscription
40:54 Stone Shaft Mining
40:17 Murder Holes
40:22 Onager
42:35 Drill
41:41 Light Cavalry
42:42 Thumb Ring
42:55 Leather Archer Armor
43:11 Parthian Tactics
43:12 Scale Barding Armor
43:20 Bloodlines
43:16 Husbandry
42:51 Hussar
43:49 Forging
44:41 Chain Barding Armor
47:40 Iron Casting
47:07 Scale Mail Armor
48:24 Capped Ram
48:46 Spies/Treason
Gary038202
7:42 Loom
9:45 Feudal Age
12:10 Forging
11:51 Horse Collar
21:29 Castle Age
21:11 Gold Mining
21:28 Scale Barding Armor
22:39 Heavy Plow
22:27 Double-Bit Axe
23:19 Bloodlines
24:30 Bow Saw
24:54 Husbandry
30:05 Wheelbarrow
38:46 Imperial Age
36:54 Hand Cart
37:09 Stone Mining
38:51 Chain Barding Armor
38:32 Padded Archer Armor
39:07 Elite Conquistador
40:12 Ballistics
40:53 Chemistry
41:55 Stone Shaft Mining
41:25 Caravan
46:02 Spies/Treason
47:15 Clinker Construction
Q力山大一世
11:17 Feudal Age
15:01 Castle Age
12:50 Double-Bit Axe
13:26 Horse Collar
19:49 Wheelbarrow
22:36 Hand Cart
23:59 Heavy Plow
26:54 Gold Mining
27:19 Bow Saw
30:28 Imperial Age
27:44 Loom
27:46 Town Watch
28:49 Gold Shaft Mining
28:05 Stone Mining
28:20 Fishing Lines
29:07 Scale Barding Armor
28:53 Fletching
29:05 Scale Mail Armor
29:16 Forging
29:29 Ballistics
29:20 Fortified Wall
29:21 Masonry
29:46 Bloodlines
29:37 Husbandry
30:02 Chain Barding Armor
30:28 Chain Mail Armor
29:47 Man-at-Arms
30:27 Squires
30:24 Long Swordsman
31:43 Iron Casting
31:38 Conscription
30:52 Capped Ram
32:44 Chemistry
32:23 Plate Barding Armor
33:02 Two-Man Saw
32:53 Plate Mail Armor
31:48 Two-Handed Swordsman
32:35 Siege Ram
33:51 Druzhina
35:13 Blast Furnace
34:08 Champion
34:51 Detinets
34:18 Pikeman
36:25 Hoardings
36:10 Elite Boyar
36:44 Fletching
38:17 Bodkin Arrow
38:31 Siege Engineers
38:21 Murder Holes
39:48 Halberdier
46:03 Spies/Treason
48:29 Sappers
49:14 Careening
49:14 Clinker Construction
48:55 Guard Tower
49:07 Devotion
49:03 Herbal Medicine
49:24 Block Printing
49:34 Illumination
49:10 Atonement
49:31 Sanctity
49:46 Theocracy
49:22 Redemption
49:18 Padded Archer Armor
Connection lost

Rejoining the realm…

Still unreachable

The connection could not be restored.

Session expired

The server has moved on; the page needs a fresh start.